Map: 오토메이턴 - 래더

Players

Stats - Winner!

  • Race: Protoss Protoss
  • League: Grandmaster
  • Spawn Location: 3:00

llllllllllll (Trap)

  • Race: Protoss Protoss
  • League: Master
  • Spawn Location: 9:00

Event: IEM Season 13 - Katowice Server Qualifiers Asia 1

VOD

Have the link to the VOD?

Description

Time

  • Played on: Jan. 14, 2019, 5:08 a.m.
  • Length: 11:46

All games in this series

Show
View Real Time Build Order
Export as new Build Order

Stats Protoss - Winner!

Build Orders: Phoenix Opening, Zealot Archon, Proxy Void Ray 

Get SALT Encoding   

  12  0:00  Probe  
  13  0:12  Probe  
  14  0:18  Pylon  
  14  0:24  Probe  
  15  0:32  Probe  
  15  0:38  Gateway  
  15  0:41  Probe  
  16  0:46  Assimilator  
  17  0:50  Probe  
  17  0:55  Assimilator  
  18  0:59  Probe  
  19  1:07  Probe  
  20  1:14  Gateway  
  20  1:17  Probe  
  21  1:26  Cybernetics Core  
  21  1:29  Probe  
  22  1:34  Pylon  
  22  1:41  Probe  
  23  1:53  Probe  
  24  1:58  Warp Gate  
  24  2:03  Sentry, Stalker  
  28  2:13  Pylon  
  28  2:32  Stargate  
  32  2:37  Phoenix  
  32  2:49  Nexus  
  32  2:50  Stalker  
  30  2:51  Probe  
  30  2:57  Stalker  
  33  3:06  Probe  
  34  3:18  Probe  
  38  3:21  Void Ray  
  38  3:22  Pylon  
  39  3:38  Shield Battery  
  39  3:43  Shield Battery  
  39  3:57  Void Ray  
  39  4:00  Stalker x2  
  47  4:23  Stalker x2  
  51  4:27  Probe x2  
  53  4:33  Shield Battery  
  53  4:37  Phoenix  
  53  4:39  Probe  
  53  4:40  Probe  
  55  4:52  Probe x2  
  57  4:56  Forge  
  57  5:04  Probe x2  
  59  5:07  Robotics Facility  
  59  5:11  Pylon  
  59  5:16  Probe  
  59  5:17  Probe  
  61  5:22  Protoss Ground Weapons Level 1  
  61  5:29  Probe x2  
  61  5:34  Zealot x2, Pylon  
  67  5:42  Probe x2  
  69  5:45  Assimilator  
  69  5:46  Assimilator  
  69  5:47  Immortal  
  69  5:48  Pylon  
  69  5:54  Probe  
  75  6:00  Sentry  
  75  6:02  Sentry  
  78  6:16  Immortal  
  78  6:17  Pylon  
  78  6:22  Phoenix  
  78  6:24  Probe x2  
  80  6:31  Twilight Council  
  84  6:41  Probe  
  84  6:43  Pylon  
  84  6:45  Gateway x2  
  85  6:47  Gateway  
  85  6:48  Protoss Ground Weapons Level 2  
  85  6:56  Observer  
  85  6:57  Gateway  
  85  7:01  Gateway  
  86  7:04  Gateway  
  86  7:08  Templar Archives  
  86  7:09  Charge  
  86  7:19  Warp Prism  
  88  7:31  Nexus  
  87  7:50  High Templar x2  
  87  7:51  Zealot x4  
  99  7:56  Archon  
  99  8:15  High Templar  
  99  8:19  Pylon  
  101  8:21  Pylon  
  101  8:22  Protoss Ground Weapons Level 3, Pylon  
  101  8:24  Pylon  
  101  8:38  Photon Cannon  
  101  8:39  High Templar x2  
  101  8:40  High Templar  
  101  8:41  Zealot x4  
  115  8:43  Archon  
  115  8:44  Archon  
  115  8:55  Pylon  
  115  9:07  Zealot x5  
  125  9:12  Zealot x3  
  125  9:15  Probe x2  
  125  9:16  Probe, Pylon  
  134  9:29  High Templar  
  134  9:30  High Templar  
  138  9:35  Zealot  
  138  9:36  Zealot x4  
  138  9:38  Archon  
  146  9:45  Observer  
  146  9:54  High Templar  
  146  9:56  High Templar, Zealot x3  
  146  9:57  Zealot  
  158  10:00  Archon  
  158  10:08  Zealot x2  
  158  10:12  Pylon  
  158  10:13  Pylon  
  162  10:15  Pylon  
  162  10:17  Probe x2  
  164  10:24  Pylon  
  164  10:29  Photon Cannon  
  164  10:31  High Templar x2  
  164  10:35  Archon  
  168  10:39  Pylon  
  168  10:55  High Templar x2  
  168  10:56  Zealot x4  
  180  10:59  Archon  
  180  11:12  Zealot x2  
  156  11:26  Zealot x4  
  156  11:28  Zealot x2  
  104  11:41  Zealot x2  
Show
View Real Time Build Order
Export as new Build Order

llllllllllll Protoss 

Build Orders: Zealot Archon 

Get SALT Encoding   

  12  0:00  Probe  
  13  0:12  Probe  
  14  0:18  Pylon  
  14  0:24  Probe  
  15  0:32  Probe  
  15  0:37  Gateway  
  15  0:40  Probe  
  17  0:51  Probe  
  17  0:54  Assimilator  
  17  0:56  Assimilator  
  18  0:59  Probe  
  19  1:07  Probe  
  20  1:11  Gateway  
  20  1:17  Probe  
  20  1:24  Cybernetics Core  
  21  1:29  Probe  
  22  1:34  Pylon  
  22  1:41  Probe  
  22  1:45  Warp Gate  
  23  1:53  Probe  
  24  2:02  Sentry, Stalker  
  28  2:14  Pylon  
  28  2:26  Pylon  
  28  2:28  Stalker  
  30  2:32  Stalker  
  32  2:38  Gateway  
  32  2:58  Stalker  
  32  3:02  Stalker  
  36  3:11  Pylon  
  36  3:25  Nexus  
  36  3:28  Shield Battery  
  36  3:47  Stalker x2  
  40  3:49  Stalker  
  42  3:59  Pylon  
  38  4:17  Adept  
  38  4:18  Adept, Stalker  
  44  4:28  Twilight Council  
  44  4:30  Probe  
  44  4:34  Probe  
  45  4:38  Probe  
  45  4:42  Probe  
  47  4:46  Probe  
  49  4:52  Probe  
  49  4:55  Sentry  
  49  4:56  Sentry  
  49  4:59  Probe  
  55  5:05  Probe  
  55  5:06  Charge  
  56  5:11  Probe  
  57  5:14  Probe  
  57  5:21  Pylon  
  58  5:22  Probe  
  58  5:23  Probe  
  60  5:31  Probe  
  60  5:33  Forge  
  61  5:36  Probe  
  61  5:38  Protoss Ground Weapons Level 1  
  62  5:43  Probe, Pylon  
  62  5:48  Probe  
  64  5:52  Assimilator  
  64  5:55  Probe, Assimilator  
  65  6:00  Probe  
  65  6:03  Pylon  
  66  6:07  Probe  
  67  6:12  Probe  
  67  6:13  Gateway x2  
  68  6:19  Probe  
  68  6:23  Templar Archives  
  68  6:24  Probe  
  70  6:34  Gateway  
  70  6:35  Gateway  
  70  6:42  Probe  
  71  6:50  Nexus  
  71  6:52  Pylon  
  71  7:00  High Templar x3  
  77  7:02  Gateway  
  77  7:07  Protoss Ground Weapons Level 2  
  77  7:10  Robotics Facility  
  77  7:11  High Templar  
  79  7:16  Archon x2  
  79  7:19  Photon Cannon  
  79  7:22  Zealot  
  81  7:29  Pylon  
  81  7:30  High Templar  
  81  7:31  High Templar  
  81  7:34  Pylon  
  81  7:36  Zealot  
  81  7:37  Archon, Zealot  
  89  7:48  Zealot x2  
  89  7:49  Warp Prism  
  93  7:54  Pylon x2  
  98  8:15  High Templar x2  
  98  8:16  Zealot x4  
  103  8:20  Archon  
  103  8:22  Zealot x2  
  107  8:28  Probe x3  
  110  8:40  Pylon  
  110  8:42  Probe x3, Pylon  
  110  8:43  High Templar x2  
  117  8:49  Archon  
  117  8:50  Protoss Ground Weapons Level 3, Shield Battery  
  117  8:54  Zealot x3  
  123  8:59  Probe x2  
  123  9:00  Probe  
  125  9:09  Pylon  
  125  9:17  High Templar x2  
  127  9:20  Pylon  
  127  9:21  Archon, Pylon  
  129  9:27  Assimilator x2  
  129  9:34  Zealot x3  
  135  9:51  High Templar  
  135  9:54  High Templar, Immortal  
  135  9:55  Zealot x5, Pylon x2  
  135  9:57  Zealot  
  135  9:59  Archon  
  153  10:09  Shield Battery  
  153  10:15  Probe  
  153  10:16  Probe x2  
  156  10:28  High Templar x2, Zealot x3  
  160  10:29  Immortal, Zealot x2  
  160  10:32  Archon  
  174  10:42  Pylon  
  174  10:47  Pylon  
  174  10:49  Photon Cannon  
  172  10:58  High Templar x2  
  172  11:03  Archon, High Templar x2, Zealot x2  
  172  11:04  Zealot x2  
  190  11:15  Archon  
  145  11:27  Zealot x4  
  145  11:32  Zealot x2  
  82  11:44  Zealot x2  

Tags
 
Add a new tag
Caveats
  • Supply blocks, unpowered buildings, or Contaminate may cause inaccurate times.
  • Supply counts are checked every 10 seconds.